 Dungeon Crawl Stone Soup version 0.31.0-11-ge490571c62 (webtiles) character file.

Game seed: 2953510454988514588

815 qw the Shooter (level 7, -2/35 HPs)
             Began as a Spriggan Hunter on Feb 3, 2024.
             Was a Follower of Okawaru.
             Killed by divine providence
             ... invoked by an orc priest
              (12 damage)
             ... on level 7 of the Dungeon.
             The game lasted 00:01:19 (4592 turns).

qw the Shooter (Spriggan Hunter)                    Turns: 4592, Time: 00:01:19

Health: -2/35      AC:  4    Str:  7    XL:     7   Next: 62%
Magic:  9/9        EV: 22    Int: 11    God:    Okawaru [*.....]
Gold:   240        SH:  0    Dex: 20    Spells: 6/6 levels left

rFire   . . .        l - +1 orcbow
rCold   . . .        (shield currently unavailable)
rNeg    . . .        c - +0 robe
rPois   .            (helmet restricted)
rElec   .            f - +1 cloak
rCorr   .            (gloves unavailable)
SInv    +            (boots unavailable)
Will    +....        (no amulet)
Stlth   ++           (no ring)
HPRegen 0.25/turn    (no ring)
MPRegen 0.11/turn

%: no passive effects
@: mighty, very quick
A: very small, no large weapons, unfitting armour, see invisible, speed 3
a: Renounce Religion, Heroism


You were on level 7 of the Dungeon.
You worshipped Okawaru.
Okawaru was aware of your devotion.
You visited 2 branches of the dungeon, and saw 8 of its levels.

You collected 292 gold pieces.
You spent 52 gold pieces at shops.


Innate Abilities, Weirdness & Mutations

You are very small and have problems with some larger weapons.
You are too small for most types of armour.
You have supernaturally acute eyesight. (SInv)
You cover ground extremely quickly. (Speed+++)


   Skills:
 - Level 2.0 Fighting
 + Level 7.5 Ranged Weapons
 - Level 7.3 Dodging
 - Level 1.5 Stealth
 + Level 1.5 Invocations


You had 6 spell levels left.
You didn't know any spells.
Your spell library was empty.

Inventory:

Hand Weapons
 l - a +1 orcbow (weapon)
Armour
 c - a +0 robe (worn)
 f - a +1 cloak (worn)
Jewellery
 i - an amulet of guardian spirit
Wands
 k - a wand of digging (5)
Potions
 a - a potion of enlightenment {unknown}
 b - a potion of curing
 d - 2 potions of heal wounds
 e - a potion of mutation
 g - a potion of haste {unknown}
 h - a potion of might
 j - a potion of magic {unknown}
 o - a potion of cancellation {unknown}

Dungeon Overview and Level Annotations

Branches:
Dungeon (7/15)             Temple (1/1) D:5

Altars:
Ashenzari
Cheibriados
Dithmenos
Fedhas
Gozag
Hepliaklqana
Kikubaaqudgha
Makhleb
Nemelex Xobeh
Okawaru
Qazlal
Ru
Sif Muna
Trog
Uskayaw
Vehumet
Wu Jian
Yredelemnul
The Shining One

Shops:
D:6 (


Message History

2 orcs and an orc priest come into view.
You shoot an arrow. The arrow hits the orc!
You kill the orc!
Okawaru accepts your kill.
The orc shouts!
An orc warrior comes into view. It is wielding a +0 dire flail.
You shoot an arrow. The arrow hits the orc priest!
The orc priest is heavily wounded.
You shoot an arrow.
The arrow barely misses the orc warrior.
An orc comes into view. It is wielding a +0 flail.
You shoot an arrow.
The arrow completely misses the orc warrior.
The orc warrior unwields a +0 dire flail.
The orc warrior wields a +0 orcbow.
The orc warrior shoots an arrow.
The arrow hits you!
You shoot an arrow. The arrow hits the orc warrior.
The orc warrior is lightly wounded.
You shoot an arrow.
The arrow hits the orc warrior but does no damage.
The orc warrior is lightly wounded.
The orc warrior unwields a +0 orcbow.
The orc warrior wields a +0 dire flail.
The orc warrior completely misses you.
You shoot an arrow. The arrow hits the orc warrior.
The orc warrior is moderately wounded.
You shoot an arrow. The arrow hits the orc warrior.
The orc warrior is moderately wounded.
The orc priest miscasts a cantrip.
The orc warrior misses you.
You shoot an arrow. The arrow hits the orc warrior!
The orc warrior is severely wounded.
The orc warrior closely misses you.
You shoot an arrow.
The arrow barely misses the orc warrior.
The orc priest mumbles some strange prayers to Beogh against you.
You resist with significant effort.
The orc warrior hits you with a +0 dire flail!
The orc priest mumbles some strange prayers to Beogh against you.
Beogh smites you!
You die...

## ### ..
... #o #.#
#o #.#
..####o##.#
......o@..#
...###.##<#
#. #.# #.
#.# .. ...
## #.# #.#
#.# #.#


You could see an orc warrior, an orc priest and 2 orcs.

Vanquished Creatures
  An ogre (D:5)
  A centaur (D:5)
  A kobold brigand (D:6)
  A bullfrog (D:6)
  3 scorpions
  A jelly (D:6)
  2 hounds
  3 iguanas (D:5)
  8 adders
  2 ufetubi (D:5)
  2 dart slugs
  4 ribbon worms
  5 orcs
  5 ball pythons
  2 bats
  10 endoplasms
  5 giant cockroaches
  3 goblins
  6 hobgoblins
  6 quokkas
  3 frilled lizards
  12 kobolds
  A rat (D:1)
87 creatures vanquished.

Vanquished Creatures (others)
  A minotaur (D:1)
  2 demonspawn (D:1)
  A vine stalker (D:1)
  An armataur (D:1)
  A troll (D:1)
  A merfolk (D:1)
  A spriggan (D:1)
  A human (D:1)
  An elf (D:1)
  A naga (D:1)
  A demigod (D:1)
  2 tengu (D:1)
  A barachi (D:1)
  7 tentacles (D:1)
22 creatures vanquished.

Grand Total: 109 creatures vanquished

Notes
Turn   | Place    | Note
-------+----------+-------------------------------------------
     0 | D:1      | qw the Spriggan Hunter began the quest for the Orb.
     0 | D:1      | Reached XP level 1. HP: 10/10 MP: 2/2
     0 | D:1      | 0 ||| qw: Version: 0.3-a-155-g5e7d8dd
     0 | D:1      | 0 ||| qw: Game counter: 3462
     0 | D:1      | 0 ||| qw: Melee chars always use a shield: true
     0 | D:1      | 0 ||| qw: God list: Okawaru
     0 | D:1      | 0 ||| qw: Allow faded altars: false
     0 | D:1      | 0 ||| qw: Do Orc after clearing Dungeon:15 true
     0 | D:1      | 0 ||| qw: Do second Lair branch before Depths: true
     0 | D:1      | 0 ||| qw: Lair rune preference: random
     0 | D:1      | 0 ||| qw: Goals: Normal
     0 | D:1      | 0 ||| PLANNING D:1-11
     5 | D:1      | Noticed a demonspawn
     5 | D:1      | Noticed a tengu
     5 | D:1      | Noticed a demigod
     5 | D:1      | Noticed an elf
     5 | D:1      | Noticed a human
     5 | D:1      | Noticed an armataur
     5 | D:1      | Noticed a naga
     5 | D:1      | Noticed a kraken
     5 | D:1      | Noticed a merfolk
     5 | D:1      | Noticed a troll
     5 | D:1      | Noticed a tengu
     5 | D:1      | Noticed a demonspawn
     5 | D:1      | Noticed a barachi
     5 | D:1      | Noticed a minotaur
     5 | D:1      | Noticed a spriggan
     5 | D:1      | Noticed a vine stalker
    11 | D:1      | Killed a demonspawn
    14 | D:1      | Killed a tengu
    14 | D:1      | Killed a barachi
    14 | D:1      | Killed an elf
    15 | D:1      | Killed a human
    15 | D:1      | Killed a demigod
    16 | D:1      | Killed a tengu
    17 | D:1      | Killed a merfolk
    17 | D:1      | Killed an armataur
    18 | D:1      | Killed a minotaur
    19 | D:1      | Killed a naga
    20 | D:1      | Killed a demonspawn
    20 | D:1      | Killed a troll
    22 | D:1      | Killed a vine stalker
    23 | D:1      | Killed a spriggan
    24 | D:1      | Reached skill level 3 in Dodging
   163 | D:1      | Reached XP level 2. HP: 14/14 MP: 3/3
   384 | D:1      | Found a faded altar of an unknown god.
   827 | D:1      | 827 ||| UPGRADING to amulet of guardian spirit.
   832 | D:1      | 832 ||| READING 2 scrolls labelled YDUARPH MOSSO.
   837 | D:1      | 837 ||| READING scroll labelled ORUMNYCIXU.
   838 | D:1      | 838 ||| READING scroll labelled LARANO XOOFA.
   838 | D:1      | 838 ||| ENCHANTING +0 shortbow.
   839 | D:1      | 839 ||| DRINKING 2 viscous amethyst potions.
   859 | D:1      | 859 ||| DRINKING 2 blue potions.
   860 | D:1      | 860 ||| DROPPING scroll of butterflies.
   861 | D:1      | 861 ||| DROPPING potion of lignification.
   902 | D:2      | Reached XP level 3. HP: 18/18 MP: 4/4
   981 | D:2      | HP: 3/18 [poisoned by an adder]
   982 | D:2      | 982 ||| DRINKING potion of curing.
   982 | D:2      | 982 ||| (to cure poison)
  1490 | D:2      | 1490 ||| READING scroll labelled KIETIWKU UPLAO.
  1490 | D:2      | 1490 ||| IDENTIFYING viscous sapphire potion
  1491 | D:2      | 1491 ||| DROPPING potion of brilliance.
  1537 | D:3      | Reached XP level 4. HP: 13/22 MP: 1/5
  1627 | D:3      | Found a hide-covered altar of Uskayaw.
  1788 | D:3      | Reached XP level 5. HP: 25/26 MP: 4/6
  1994 | D:3      | 1994 ||| READING scroll labelled DIALUJ CIUCH.
  2511 | D:4      | Identified the +3 scale mail of Repulsion {rF+}
  2518 | D:4      | 2518 ||| READING scroll labelled FOQYZXE GOUNA.
  2519 | D:4      | 2519 ||| READING scroll labelled MOPNYP NAALAT.
  2535 | D:5      | Entered Level 5 of the Dungeon
  2535 | D:5      | Found a staircase to the Ecumenical Temple.
  2536 | D:5      | 2536 ||| PLANNING TEMPLE
  2546 | D:5      | Reached skill level 6 in Ranged Weapons
  2546 | D:5      | Reached XP level 6. HP: 17/30 MP: 5/7
  2614 | Temple   | Entered the Ecumenical Temple
  2615 | Temple   | 2615 ||| PLANNING OKAWARU WORSHIP
  2668 | Temple   | Became a worshipper of Warmaster Okawaru
  2669 | Temple   | 2669 ||| PLANNING D:1-11
  2669 | Temple   | 2669 ||| REMOVING amulet of guardian spirit.
  2785 | D:5      | HP: 4/30 [ogre/+0 giant spiked club (26)]
  2786 | D:5      | 2786 ||| READING scroll of teleportation.
  2948 | D:5      | Reached skill level 6 in Dodging
  2980 | D:5      | Found a shimmering blue altar of Sif Muna.
  3149 | D:5      | Reached XP level 7. HP: 17/35 MP: 8/8
  3701 | D:5      | HP: 8/35 [iguana (5)]
  3809 | D:5      | 3809 ||| UPGRADING to +0 cloak.
  3814 | D:5      | 3814 ||| READING scroll of enchant armour.
  3814 | D:5      | 3814 ||| ENCHANTING +0 cloak.
  3815 | D:5      | 3815 ||| READING 3 scrolls of identify.
  3815 | D:5      | 3815 ||| IDENTIFYING sapphire potion
  3816 | D:5      | 3816 ||| READING 2 scrolls of identify.
  3816 | D:5      | 3816 ||| IDENTIFYING fizzy silvery potion
  3817 | D:5      | 3817 ||| READING scroll of identify.
  3817 | D:5      | 3817 ||| IDENTIFYING fizzy dark potion
  3818 | D:5      | 3818 ||| DROPPING potion of attraction.
  3942 | D:6      | Found Yrob's Weapon Shoppe.
  3951 | D:6      | 3951 ||| BUYING +0 orcbow (52 gold).
  3951 | D:6      | Bought a +0 orcbow for 52 gold pieces
  3951 | D:6      | 3951 ||| SWAPPING to +0 orcbow.
  3952 | D:6      | 3952 ||| DROPPING +0 shortbow.
  4199 | D:6      | Reached * piety under Okawaru
  4419 | D:6      | Reached skill level 1 in Invocations
  4564 | D:6      | 4564 ||| READING scroll labelled ONO VY HURPHON.
  4565 | D:6      | 4565 ||| READING scroll labelled KAF NA JOAFUIST.
  4565 | D:6      | 4565 ||| ENCHANTING +0 orcbow.
  4566 | D:6      | 4566 ||| DRINKING 2 puce potions.
  4592 | D:7      | Killed from afar by an orc priest

Levels and vault maps discovered:
D:1:      nicolae_arrival_kraken_aquarium_b, layout_basic,
          chequers_ecumenical_altar_island, dk_noncrumbling_3, st_stairs_13,
          minmay_misc_feat_more_columns, dreamdust_mushroom_princess
D:2:      layout_basic
D:3:      layout_rooms, nicolae_uskayaw_murder_on_the_dancefloor,
          kennysheep_generic_room_13
D:4:      layout_basic
D:5:      layout_basic, kennysheep_little_box,
          minmay_temple_entry_drinking_statues
D:6:      layout_basic, serial_shops, nicolae_shop_advertising_works
          [nicolae_subvault_shop_adworks], kennysheep_generic_room_14
D:7:      kennysheep_six_static_rooms, layout_loops_corners,
          gammafunk_temple_overflow_statue, uniq_duvessa
Temple:   minmay_crystal_spiral_temple

Skill      XL: |  1  2  3  4  5  6  7 |
---------------+----------------------+-----
Dodging        | 3 4 5 6 7 |  7.3
Ranged Weapons | 5 6 7 |  7.5
Fighting       | 2 |  2.0
Invocations    | 1 |  1.5
Stealth        | |  1.5

Action                     |  1- 3 |  4- 6 |  7- 9 || total
---------------------------+-------+-------+-------++-------
   Fire: Shortbow          |   108 |   142 |    37 ||   287
         Orcbow            |       |       |    51 ||    51
    Use: Scroll            |     4 |     4 |     6 ||    14
         Potion            |     3 |       |     1 ||     4
 Armour: Robe              |    14 |    28 |    16 ||    58
  Dodge: Dodged            |    18 |    95 |    53 ||   166

Table legend:
 A = Non-vault XP
 B = Vault XP
 C = Vault XP percentage of total XP
 D = Non-vault monster count
 E = Vault monster count
 F = Vault count percentage of total count
                 A         B        C        D         E       F
            +---------+---------+-------+---------+---------+-------
      Total |    1110 |      55 |   4.7 |      83 |       4 |   4.6
            +---------+---------+-------+---------+---------+-------
        D:1 |      34 |       2 |   5.6 |      18 |       1 |   5.3
        D:2 |      58 |       0 |   0.0 |      19 |       0 |   0.0
        D:3 |     107 |       4 |   3.6 |      12 |       1 |   7.7
        D:4 |     117 |       0 |   0.0 |      11 |       0 |   0.0
        D:5 |     538 |       0 |   0.0 |      11 |       0 |   0.0
        D:6 |     253 |      49 |  16.2 |      11 |       2 |  15.4
        D:7 |       3 |       0 |   0.0 |       1 |       0 |   0.0
            +---------+---------+-------+---------+---------+-------
